 Dungeon Crawl Stone Soup version 0.29.0-11-gd7f09526c8 (webtiles) character file.

Game seed: 12375975184981608724

32 greasedhog the Distorting Elf (level 3, -1/22 HPs)
             Began as a Deep Elf Abyssal Knight on Sept 7, 2022.
             Was a Believer of Lugonu.
             Slain by a gnoll
             ... wielding a +0 flail
              (4 damage)
             ... on level 3 of the Dungeon.
             The game lasted 00:01:26 (1223 turns).

greasedhog the Distorting Elf (DEAK)                Turns: 1223, Time: 00:01:26

Health: -1/22      AC:  3    Str: 10    XL:     3   Next: 10%
Magic:  6/7        EV: 12    Int: 14    God:    Lugonu [**....]
Gold:   95         SH:  0    Dex: 17    Spells: 2/2 levels left

rFire   . . .      SeeInvis .   a - +2 short sword
rCold   . . .      Faith    .   (no shield)
rNeg    . . .      Spirit   .   b - +0 leather armour
rPois   .          Reflect  .   (no helmet)
rElec   .          Harm     .   (no cloak)
rCorr   +          Rampage  .   (no gloves)
Will    .....                   (no boots)
Stlth   ++........              (no amulet)
HPRegen 0.07/turn               d - ring of resist corrosion
MPRegen 0.10/turn               (no ring)

@: brilliant
A: no striking features
a: Renounce Religion, Depart the Abyss, Bend Space


You were on level 3 of the Dungeon.
You worshipped Lugonu.
Lugonu was pleased with you.
You visited 1 branch of the dungeon, and saw 3 of its levels.
You visited the Abyss 1 time.

You collected 95 gold pieces.

Inventory:

Hand Weapons
 a - a +2 short sword (weapon)
Armour
 b - a +0 leather armour (worn)
Jewellery
 d - a ring of resist corrosion (left hand)
 g - an amulet of the acrobat
Scrolls
 f - a scroll of magic mapping


   Skills:
 + Level 2.6 Fighting
 * Level 2.5 Short Blades
 - Level 0.7 Armour
 - Level 2.4 Dodging
 + Level 1.3 Stealth
 * Level 2.7 Invocations


You had 2 spell levels left.
You didn't know any spells.
Your spell library was empty.

Dungeon Overview and Level Annotations

Branches:
Dungeon (3/15)

Altars:

Shops:
D:1 :

Annotations:
D:2 Natasha


Message History

You feel clever all of a sudden. The gnoll hits you with a +0 whip.
You hit the gnoll.
The gnoll is heavily wounded.
The gnoll hits you but does no damage.
You hit the gnoll.
The gnoll is almost dead.
The gnoll closely misses you.
You hit the gnoll.
You kill the gnoll!
Lugonu accepts your kill.
You have reached level 3!
Your experience leads to an increase in your attributes!
Increase (S)trength, (I)ntelligence, or (D)exterity?
You feel agile. x2
You hit the gnoll.
The gnoll is moderately wounded.
The gnoll closely misses you.
You hit the gnoll.
The gnoll is severely wounded.
The gnoll hits you with a +0 flail.
You hit the gnoll.
The gnoll is severely wounded.
The gnoll hits you with a +0 flail.
You hit the gnoll.
The gnoll is almost dead.
The gnoll hits you with a +0 flail!
Ouch! That really hurt!
* * * LOW HITPOINT WARNING * * *
The gnoll attacks as you move away! The gnoll misses you.
You feel better. The gnoll hits you with a +0 flail!
* * * LOW HITPOINT WARNING * * *
The gnoll attacks as you move away! The gnoll closely misses you.
There is a stone staircase leading down here.
You climb downwards.
Found a bubbling black potion.
There is a stone staircase leading up here.
An orc comes into view. It is wielding a +0 falchion.
The gnoll hits you with a +0 flail.
You die...

#######
#...@<#
#.#.#g#
#o#.#
#.#.#
.....
.....
...####
... .


You could see a gnoll and an orc (asleep).

Vanquished Creatures
  A gnoll (D:2)
  A dart slug (D:1)
  3 bats
  2 endoplasms (D:1)
  A giant cockroach (D:1)
  4 hobgoblins (D:1)
  A kobold (D:1)
  A quokka (D:1)
  2 ball pythons (D:1)
  A goblin (D:1)
  A rat (D:1)
18 creatures vanquished.

Notes
Turn   | Place    | Note
-------+----------+-------------------------------------------
     0 | Abyss:1  | greasedhog the Deep Elf Abyssal Knight began the quest for
                  | the Orb.
     0 | Abyss:1  | Reached XP level 1. HP: 13/13 MP: 4/4
     1 | D:1      | Escaped the Abyss
   166 | D:1      | Reached XP level 2. HP: 18/18 MP: 5/5
   326 | D:1      | Found Amuwic's Book Shop.
   631 | D:1      | Reached skill level 1 in Stealth
   950 | D:2      | Noticed Natasha
   963 | D:2      | Noticed a crimson imp
  1206 | D:2      | Reached XP level 3. HP: 19/22 MP: 5/7
  1209 | D:2      | HP: 1/22 [gnoll/+0 flail (12)]
  1223 | D:3      | Slain by a gnoll

Illustrated notes

Levels and vault maps discovered:
D:1:      dpeg_arrival_windows_large_door, layout_basic, serial_shops,
          nicolae_shop_stone, minmay_tetromino_l2
D:2:      layout_basic, palyth_stone_intersect, uniq_natasha
D:3:      layout_basic, lemuel_doored_altar, gammafunk_ghost_split

Skill      XL: |  1  2 |
---------------+-------+-----
Stealth        | 1 |  1.3
Fighting       | |  2.6
Short Blades   | |  2.5
Armour         | |  0.7
Dodging        | |  2.4
Invocations    | |  2.7

Action                   || total
-------------------------++-------
Melee: Short sword       ||    71
  Use: Potion            ||     4
       Scroll            ||     3
Armor: Leather armour    ||    21
Dodge: Dodged            ||    52
